 Dungeon Crawl Stone Soup version 0.20-a0-971-g5896763 (webtiles) character file.

108 Lifeless the Chopper (level 4, 0/34 HPs)
             Began as a Demonspawn Gladiator on Apr 8, 2017.
             Slain by Tux's ghost (6 damage)
             ... on level 3 of the Dungeon.
             The game lasted 00:07:34 (2801 turns).

Lifeless the Chopper (Demonspawn Gladiator)         Turns: 2801, Time: 00:07:35

Health: 0/34       AC:  5    Str: 15    XL:     4   Next: 58%
Magic:  4/4        EV:  9    Int: 10    God:
Gold:   109        SH:  7    Dex: 14    Spells: 3/3 levels left

rFire    . . .     SeeInvis .   a - +0 war axe
rCold    . . .     Gourm    .   n - +0 shield
rNeg     . . .     Faith    .   g - +0 ring mail
rPois    .         Spirit   .   (helmet restricted)
rElec    .         Reflect  .   (no cloak)
rCorr    .         Harm     .   (no gloves)
MR       .....                  (no boots)
Stlth    ..........             (no amulet)
Regen    0.2/turn               (no ring)
MPRegen  0.1/turn               (no ring)

@: no status effects
A: antennae 2, hooves 1, sense surroundings 1, powered by death 1, subdued magic
1
a: no special abilities


You were on level 3 of the Dungeon.
You were not hungry.

You visited 1 branch of the dungeon, and saw 3 of its levels.

You collected 109 gold pieces.

Inventory:

Hand Weapons
 a - a +0 war axe (weapon)
Missiles
 d - 3 throwing nets (quivered)
Armour
 g - a +0 ring mail (worn)
 n - a +0 shield (worn)
Scrolls
 b - 2 scrolls of recharging {unknown}
 e - 3 scrolls of amnesia {unknown}
 h - a scroll of magic mapping {unknown}
 i - 4 scrolls of identify {unknown}
 k - 2 scrolls of fog {unknown}
 o - a scroll of immolation {unknown}
Potions
 j - a potion of degeneration {unknown}
Comestibles
 f - 2 bread rations
 l - a meat ration


   Skills:
 + Level 2.8 Fighting
 * Level 3.6 Axes
 - Level 1.7 Throwing
 + Level 1.5 Armour
 + Level 3.1 Dodging


You had 3 spell levels left.
You didn't know any spells.

Dungeon Overview and Level Annotations

Branches:
Dungeon (3/15)

Altars:

Annotations:
D:3 Tux's ghost, amateur VSMo


Innate Abilities, Weirdness & Mutations

You have a pair of antennae on your head.
You regenerate a little health from kills.
You have large cloven feet.
You passively map a small area around you.
Your spells are a little easier to cast, but a little less powerful.


Message History

Tux's ghost is moderately damaged.
Tux's ghost hits you.
You barely miss Tux's ghost. You kick Tux's ghost, but do no damage.
Tux's ghost is moderately damaged.
You block Tux's ghost's attack. Tux's ghost hits you.
You closely miss Tux's ghost.
Tux's ghost is moderately damaged.
Tux's ghost hits you.
You closely miss Tux's ghost. Your kick misses Tux's ghost.
Tux's ghost is moderately damaged.
Tux's ghost barely misses you. Tux's ghost hits you.
* * * LOW HITPOINT WARNING * * *
You barely miss Tux's ghost.
Tux's ghost is moderately damaged.
Tux's ghost barely misses you.
You miss Tux's ghost. Your kick misses Tux's ghost.
Tux's ghost is moderately damaged.
Tux's ghost hits you but does no damage.
Tux's ghost hits you.
You die...

# ........... * * , #.
.......... ,
#.###.......#
##.#.............#., , *
#......#........... ,
*#...#.#........... *
#...#.#.....#.# , ,
#+##...#.#.#.#.#.####...
...#.....#.#.#rW@.....#
...#.....#.#.##########
...'.r..............
...##....#.#.####### , *
... #...##.#.# * , * .?.
#...##.#.# ,,
...*#...##.#.#* , * ...
#......... ,, , , "..
.....#.#.# * ,


You could see Tux's ghost and a rat.

Vanquished Creatures
  3 adders (D:2)
  5 dart slugs
  2 leopard geckos (D:1)
  4 giant cockroaches
  9 goblins
  9 hobgoblins
  6 jackals
  9 bats
  A frilled lizard (D:2)
  10 kobolds
  7 rats
65 creatures vanquished.

Notes
Turn   | Place    | Note
-------+----------+-------------------------------------------
     0 | D:1      | Lifeless the Demonspawn Gladiator began the quest for the Orb.
     0 | D:1      | Reached XP level 1. HP: 16/16 MP: 1/1
   354 | D:1      | Gained mutation: You have a pair of small antennae on your head. [demonic ancestry]
   354 | D:1      | Reached XP level 2. HP: 19/22 MP: 2/2
   601 | D:1      | Reached skill level 1 in Armour
   608 | D:1      | Reached XP level 3. HP: 19/28 MP: 3/3
  2038 | D:2      | Gained mutation: You regenerate a little health from kills. [demonic ancestry]
  2038 | D:2      | Reached XP level 4. HP: 21/34 MP: 4/4
  2766 | D:3      | Noticed Tux's ghost (amateur VSMo)
  2783 | D:3      | Gained mutation: Your spells are a little easier to cast, but a little less powerful. [potion of mutation]
  2783 | D:3      | Gained mutation: You have a pair of antennae on your head. [potion of mutation]
  2783 | D:3      | Gained mutation: You have large cloven feet. [potion of mutation]
  2783 | D:3      | Gained mutation: You passively map a small area around you. [potion of mutation]
  2801 | D:3      | Slain by Tux's ghost

Vault maps used:
D:1:      dpeg_arrival_simpleton_b, minmay_pentomino_s2
D:2:      kennysheep_generic_room_4
D:3:      grunt_temple_overflow_open, first_bread

Skill      XL: |  1  2  3 |
---------------+----------+-----
Axes           | 3 |  3.6
Armour         | 1 |  1.5
Dodging        | 3 |  3.1
Fighting       | |  2.8
Throwing       | |  1.7

Action                   |  1- 3 |  4- 6 || total
-------------------------+-------+-------++-------
Melee: War axe           |   143 |    85 ||   228
       Kick              |       |     4 ||     4
  Use: Potion            |       |     2 ||     2
  Eat: Chunk             |     4 |     2 ||     6
Armor: Leather armour    |     2 |       ||     2
       Ring mail         |    73 |    36 ||   109
Dodge: Dodged            |   118 |    47 ||   165
Block: Shield            |    49 |    41 ||    90
